 Dungeon Crawl Stone Soup version 0.21.0-24-g2553a33 (webtiles) character file.

275 Mesmaeker13 the Magician (level 6, -8/32 HPs)
             Began as a Deep Elf Fire Elementalist on Jan 21, 2018.
             Killed from afar by Ijyb (14 damage)
             ... with a wand of acid (5)
             ... on level 3 of the Dungeon.
             The game lasted 00:06:40 (3004 turns).

Mesmaeker13 the Magician (DEFE)                     Turns: 3004, Time: 00:06:41

Health: -8/32      AC:  0    Str:  7    XL:     6   Next: 3%
Magic:  12/15      EV: 14    Int: 20    God:
Gold:   138        SH:  0    Dex: 15    Spells: 8/14 levels left

rFire    . . .     SeeInvis +   n - +0 spear (venom)
rCold    + . .     Gourm    .   (no shield)
rNeg     . . .     Faith    .   l - +2 robe {rC+}
rPois    .         Spirit   .   (no helmet)
rElec    .         Reflect  .   (no cloak)
rCorr    .         Harm     .   (no gloves)
MR       .....                  (no boots)
Stlth    ++........             (no amulet)
HPRegen  0.10/turn              p - ring of see invisible
MPRegen  0.14/turn              (no ring)

@: corroded
A: no striking features
a: no special abilities


You were on level 3 of the Dungeon.
You were not hungry.

You visited 1 branch of the dungeon, and saw 3 of its levels.

You collected 138 gold pieces.

Inventory:

Hand Weapons
 n - a +0 spear of venom (weapon)
Missiles
 j - 3 curare-tipped needles
Armour
 l - a +2 robe of cold resistance (worn)
 q - a +0 helmet
Jewellery
 p - a ring of see invisible (left hand)
Wands
 k - a wand of acid (5)
Scrolls
 h - a scroll of enchant armour {unknown}
 i - a scroll of remove curse
 s - a scroll of blinking {unknown}
Potions
 a - a potion of invisibility {unknown}
 d - a potion of might {unknown}
 e - 2 potions of magic
 f - a potion of heal wounds {unknown}
 g - a potion of brilliance {unknown}
 m - a potion of flight
 o - a potion of haste {unknown}
Books
 b - a book of Flames

   Spells                             Type                      Level
   a - Flame Tongue                   Conjuration/Fire             1
   b - Throw Flame                    Conjuration/Fire             2
   c - Conjure Flame                  Conjuration/Fire             3
   d - Inner Flame                    Hexes/Fire                   3
   e - Sticky Flame                   Conjuration/Fire             4
   f - Fireball                       Conjuration/Fire             5
Comestibles
 c - 7 rations
 r - a chunk of flesh


   Skills:
 + Level 4.4 Dodging
 - Level 2.4 Stealth
 + Level 4.9 Spellcasting
 + Level 3.3 Conjurations
 + Level 4.6 Fire Magic


You had 8 spell levels left.
You knew the following spells:

 Your Spells              Type           Power        Failure   Level  Hunger
a - Flame Tongue          Conj/Fire      ###..        2%          1    None
b - Throw Flame           Conj/Fire      ###...       3%          2    #......
c - Conjure Flame         Conj/Fire      ###.....     7%          3    ##.....


Dungeon Overview and Level Annotations

Branches:
Dungeon (3/15)

Altars:
Fedhas
The Shining One

Annotations:
D:3 Ijyb


Message History

Aiming: Flame Tongue
Press: ? - help, Shift-Dir - straight line, f/p - Ijyb
Aim: Ijyb, wearing a dyed leather armour and carrying a wand of acid (7) (lightly wounded)
The flame tongue hits Ijyb.
Ijyb is moderately wounded.
Ijyb zaps a wand.
The bolt of acid hits you! The acid corrodes you!
You are splashed with acid!
The acid burns!
* * * LOW HITPOINT WARNING * * *
Casting: Flame Tongue
Confirm with . or Enter, or press ? or * to list all spells.
Aiming: Flame Tongue
Press: ? - help, Shift-Dir - straight line, f/p - Ijyb
Aim: Ijyb, wearing a dyed leather armour and carrying a wand of acid (6) (moderately wounded)
The flame tongue hits Ijyb.
Ijyb appears unharmed.
Ijyb is moderately wounded.
Okay, then.
Ijyb screams, "Die!"
Ijyb zaps a wand.
The bolt of acid misses you.
Ijyb zaps a wand.
The bolt of acid hits you!
You die...

#.#.................##.#.####...#
#.#..>###.#######.#....#.........
.....................########....
###.#.###.#######.#..#...........
###.# #.# ###.#..#.######...# #.#
### #.................. ###
#.###..#.####......
#######.###..#.##........
#.......@........##..##..
######..##.....##....#...
#..####.#.##.#..#...
#..#.##.#.##.#......
#g.#.........#......
#......###.##.####... ........#
#.##)####... #.....PPP.#
#.#......... ......P.PPP#
#.##........


You could see Ijyb.

Vanquished Creatures
  Sigmund (D:3)
  Robin (D:3)
  3 adders
  An ooze (D:2)
  2 worms
  A dart slug (D:1)
  A leopard gecko (D:1)
  13 bats
  4 giant cockroaches
  6 hobgoblins
  2 jackals (D:2)
  A quokka (D:3)
  A ball python (D:2)
  3 frilled lizards
  14 goblins
  4 kobolds
  11 rats
69 creatures vanquished.

Notes
Turn   | Place    | Note
-------+----------+-------------------------------------------
     0 | D:1      | Mesmaeker13 the Deep Elf Fire Elementalist began the quest for the Orb.
     0 | D:1      | Reached XP level 1. HP: 10/10 MP: 6/6
    14 | D:1      | Found a glowing golden altar of the Shining One.
   384 | D:1      | Reached XP level 2. HP: 14/15 MP: 6/8
   720 | D:1      | Reached XP level 3. HP: 16/19 MP: 1/10
  1038 | D:1      | Learned a level 2 spell: Throw Flame
  1515 | D:2      | Reached XP level 4. HP: 24/24 MP: 7/11
  1977 | D:3      | Learned a level 3 spell: Conjure Flame
  2003 | D:3      | Noticed Sigmund
  2409 | D:3      | Killed Sigmund
  2409 | D:3      | Reached XP level 5. HP: 28/28 MP: 9/14
  2505 | D:3      | Noticed Robin
  2771 | D:3      | Killed Robin
  2771 | D:3      | Reached XP level 6. HP: 29/32 MP: 10/15
  2832 | D:3      | Found a blossoming altar of Fedhas.
  2996 | D:3      | Noticed Ijyb
  3004 | D:3      | Killed from afar by Ijyb

Skill      XL: |  1  2  3  4 |
---------------+-------------+-----
Dodging        | 3 4 |  4.4
Conjurations   | 2 3 |  3.3
Spellcasting   | 4 |  4.9
Fire Magic     | 4 |  4.6
Stealth        | |  2.4

Action                   |  1- 3 |  4- 6 || total
-------------------------+-------+-------++-------
Melee: Unarmed           |     2 |       ||     2
       Dagger            |     8 |       ||     8
       Spear             |       |    20 ||    20
 Cast: Flame Tongue      |    81 |    31 ||   112
       Throw Flame       |     1 |    13 ||    14
  Use: Scroll            |     2 |     1 ||     3
       Potion            |       |     1 ||     1
 Stab: Sleeping          |       |     1 ||     1
  Eat: Chunk             |     2 |     2 ||     4
       Ration            |       |     1 ||     1
Armor: Robe              |    13 |     8 ||    21
Dodge: Dodged            |    45 |    27 ||    72
